 Zot Defence DCSS version 0.14-a0-2730-g72a2965 (webtiles) character file.

20252 BluebellGnoll the Thaumaturge (level 12, 0/74 HPs)
             Began as a Merfolk Ice Elementalist on Feb 20, 2014.
             Was the Champion of Sif Muna.
             Slain by a red ugly thing (12 damage)
             ... while paralysed by a giant eyeball
             ... in the Realm of Zot (Scenario I: Hall of Zot).
             The game lasted 00:51:29 (2606 turns).

BluebellGnoll the Thaumaturge (MfIE)                Turns: 2606, Time: 00:51:29

HP   0/74        AC  2     Str  9      XL: 12   Next: 77%
MP   5/32        EV  2     Int 18      God: Sif Muna [******]
Gold 0           SH  0     Dex 15      Spells:  8 memorised, 11 levels left

rFire  . . .     SeeInvis .     m - +0,+1 whip (flame)
rCold  . . .     Clarity  .     a - +0 robe
rNeg   . . .     Conserve .     (no shield)
rPois  .         rCorr    .     (no helmet)
rElec  .         rRot     .     (no cloak)
SustAb . .       Spirit   .     (no gloves)
rMut   .         Warding  .     (no boots)
Saprov . . .     Stasis   .     (no amulet)
MR     .....                    (no ring)
                                (no ring)

@: paralysed, not resistant to hostile enchantments, fairly stealthy
A: change form in water, swift swim
a: Make dart trap, Make oklob sapling, Make arrow trap, Make plant, Remove
Curse, Make burning bush, Make altar, Make grenades, Make oklob plant, Make net
trap, Make ice statue, Make spear trap, Make alarm trap, Make mushroom circle,
Channel Energy, Forget Spell, Renounce Religion


You were in the Realm of Zot.
You worshipped Sif Muna.
Sif Muna was exalted by your worship.
You were not hungry.

You visited 1 branch

Inventory:

Hand weapons
 m - a +0,+1 whip of flaming (weapon)
Missiles
 j - 42 darts (quivered)
Armour
 a - a +0 robe (worn)
 t - a cursed -1 robe
Magical devices
 h - a wand of digging (8)
Comestibles
 d - a bread ration
Scrolls
 i - a scroll of blinking
Potions
 c - 3 potions of curing
 e - a potion of heal wounds
 f - a potion of speed
 g - 2 potions of magic
Books
 b - a book of Frost

   Spells                             Type                      Level
   *Freeze                            Ice                          1
   *Throw Frost                       Conjuration/Ice              2
   *Ozocubu's Armour                  Charms/Ice                   3
   *Throw Icicle                      Conjuration/Ice              4
   *Summon Ice Beast                  Ice/Summoning                4
   *Condensation Shield               Ice                          4
 k - Sif Muna's Collected Works on Fire and Envenoming
   (Sif Muna gifted it to you in the Realm of Zot)

   Spells                             Type                      Level
   Sting                              Conjuration/Poison           1
   Fire Brand                         Charms/Fire                  2
   Poison Weapon                      Charms/Poison                3
   Inner Flame                        Hexes/Fire                   3
   Ignite Poison                      Fire/Transmutation           5
   Poisonous Cloud                    Conjuration/Poison/Air       6
 n - a book of Transfigurations

   Spells                             Type                      Level
   *Stoneskin                         Transmutation/Earth          2
   *Ice Form                          Ice/Transmutation            4
   Statue Form                        Transmutation/Earth          6
   Dragon Form                        Transmutation                7


   Skills:
 - Level 10.1 Dodging
 - Level 2.1 Stealth
 + Level 12.4 Spellcasting
 - Level 0.7 Conjurations
 - Level 8.2 Charms
 + Level 11.7 Ice Magic
 - Level 4.3 Earth Magic


You had 11 spell levels left.
You knew the following spells:

 Your Spells              Type           Power        Failure   Level  Hunger
a - Freeze                Ice            ####         1%          1    None
b - Throw Frost           Conj/Ice       ####..       1%          2    None
c - Ozocubu's Armour      Chrm/Ice       #####.....   1%          3    None
d - Condensation Shield   Ice            ######....   1%          4    ##.....
e - Throw Icicle          Conj/Ice       ####....     6%          4    ##.....
f - Summon Ice Beast      Ice/Summ       ####......   6%          4    ##.....
g - Stoneskin             Trmt/Erth      ###.......   4%          2    None
h - Ice Form              Ice/Trmt       ####......   6%          4    ##.....


Dungeon Overview and Level Annotations

Branches:
    Zot (1/1)

Altars:
Sif Muna


Message History

Casting: Freeze
Confirm with . or Enter, or press ? or * to list all spells.
Aiming: Freeze
Press: ? - help, Shift-Dir - straight line, f/p - red ugly thing
Aim: a red ugly thing (moderately wounded)
You freeze the red ugly thing.
The red ugly thing is heavily wounded.
Your icy shield starts to melt.
The cyan ugly thing tentacle-slaps you! The cyan ugly thing shocks you!
Your burning bush throws fire at something.
The giant eyeball stares at you.
You suddenly lose the ability to move!
The cyan ugly thing tentacle-slaps you! The cyan ugly thing shocks you!
* * * LOW HITPOINT WARNING * * *
Your ice beast hits the cyan ugly thing but does no damage.
A red very ugly thing comes into view.
The red ugly thing claws you!
* * * LOW HITPOINT WARNING * * *
You are engulfed in flames!
Your icy shield evaporates.
You die...

######## ########## ...####
####.C... ..%.P.### ###........
....).P.## ##..........
.....%..P# ▓▓▓▓▓▓▓▓▓ #...........
.........▓▓▓PPPPPPP▓▓▓...........
...%...).▓▓.......).▓▓.(.........
........u▓)%..I.[[%)%▓(..........
.........^^^%[%P@u.^^G.((........
.........▓%...._)u%.)▓...........
.........▓▓......I..▓▓...........
.........▓▓▓PPPPPPP▓▓▓...........
........P▓ ▓▓▓▓▓▓▓▓▓ ▓...........
......P8▓▓ ▓▓.......... ...PP8▓▓▓
▓▓▓.PP..... ...▓▓▓▓ ▓▓▓▓.....
▓▓▓▓▓▓▓ ▓▓▓▓▓▓▓▓▓


You could see a red very ugly thing, 2 ugly things, a giant eyeball, 4 friendly
oklob plants, 7 friendly burning bushes, 2 friendly ice beasts and 3 friendly
oklob saplings.

Vanquished Creatures
  Pikel (Zot)
  A hill giant (Zot)
  An ugly thing (Zot)
  A hell hound (Zot)
  An ogre (Zot)
  2 gnoll shamans (Zot)
  Ijyb (Zot)
  4 oozes (Zot)
  2 orcs (Zot)
  A goblin (Zot)
  A hobgoblin (Zot)
  7 bats (Zot)
  A jackal (Zot)
  3 kobolds (Zot)
  A rat (Zot)
28 creatures vanquished.

Vanquished Creatures (collateral kills)
  3 very ugly things (Zot)
  A cyclops (Zot)
  2 hill giants (Zot)
  A guardian serpent (shapeshifter) (Zot)
  A troll (Zot)
  A dryad (shapeshifter) (Zot)
  2 jumping spiders (Zot)
  A merfolk (Zot)
  3 wind drakes (Zot)
  A giant firefly (shapeshifter) (Zot)
  Prince Ribbit (Zot)
  8 slime creatures (Zot)
  3 blink frogs (Zot)
  A wraith (Zot)
  A hungry ghost (Zot)
  8 redbacks (Zot)
  25 ugly things (Zot)
  A yak (shapeshifter) (Zot)
  A wyvern (Zot)
  A basilisk (shapeshifter) (Zot)
  A hog (shapeshifter) (Zot)
  A hell hound (Zot)
  A naga (shapeshifter) (Zot)
  An ice beast (Zot)
  A crocodile (Zot)
  A sky beast (Zot)
  A black bear (Zot)
  A giant frog (Zot)
  3 ogres (Zot)
  3 orc warriors (Zot)
  6 centaurs (Zot)
  Sigmund (Zot)
  5 wargs (Zot)
  A giant slug (Zot)
  2 water moccasins (Zot)
  Blork the orc (Zot)
  3 agate snails (Zot)
  An insubstantial wisp (Zot)
  A crimson imp (Zot)
  2 jellies (Zot)
  2 orc priests (Zot)
  A centaur zombie (Zot)
  5 iguanas (Zot)
  9 hounds (Zot)
  A quasit (Zot)
  3 gnoll shamans (Zot)
  2 scorpions (Zot)
  2 sheep (Zot)
  2 worker ants (Zot)
  A big kobold zombie (Zot)
  A two-headed ogre simulacrum (Zot)
  6 boggarts (Zot)
  An orc zombie (Zot)
  8 adders (Zot)
  A giant mite (Zot)
  9 gnolls (Zot)
  A green rat (Zot)
  A goliath beetle zombie (Zot)
  A worm (Zot)
  An adder skeleton (Zot)
  2 giant eyeballs (Zot)
  5 oozes (Zot)
  10 orcs (Zot)
  5 goblins (Zot)
  11 hobgoblins (Zot)
  12 jackals (Zot)
  3 ball pythons (Zot)
  15 bats (Zot)
  2 giant cockroaches (Zot)
  4 giant geckos (Zot)
  A giant newt (Zot)
  4 giant spores (Zot)
  A hobgoblin skeleton (Zot)
  2 kobolds (Zot)
  5 rats (Zot)
  A butterfly (Zot)
244 creatures vanquished.

Vanquished Creatures (others)
  An ice statue (Zot)
  2 oklob plants (Zot)
  3 burning bushes (Zot)
  7 ice beasts (Zot)
  2 orcs (Zot)
  4 ball pythons (Zot)
  2 hobgoblins (Zot)
  3 kobolds (Zot)
  3 giant newts (Zot)
  7 goblins (Zot)
  A jackal (Zot)
  6 rats (Zot)
  A plant (Zot)
42 creatures vanquished.

Grand Total: 314 creatures vanquished

Notes
Turn   | Place    | Note
--------------------------------------------------------------
     0 | Zot      | BluebellGnoll, the Merfolk Ice Elementalist, began the quest for the Orb.
     0 | Zot      | Reached XP level 1. HP: 13/13 MP: 3/3
   203 | Zot      | Reached XP level 2. HP: 17/19 MP: 0/5
   242 | Zot      | Noticed Useqieq
   255 | Zot      | Killed Useqieq the ogre
   255 | Zot      | Reached skill level 5 in Spellcasting
   255 | Zot      | Reached XP level 3. HP: 16/24 MP: 1/11
   255 | Zot      | Reached XP level 4. HP: 20/30 MP: 1/13
   255 | Zot      | Reached XP level 5. HP: 23/35 MP: 1/15
   316 | Zot      | Reached XP level 6. HP: 25/41 MP: 8/18
   336 | Zot      | Reached skill level 6 in Spellcasting
   343 | Zot      | Learned a level 2 spell: Throw Frost
   352 | Zot      | Learned a level 3 spell: Ozocubu's Armour
   357 | Zot      | Learned a level 4 spell: Condensation Shield
   362 | Zot      | Learned a level 4 spell: Throw Icicle
   390 | Zot      | Became a worshipper of Sif Muna the Loreminder
   518 | Zot      | Reached XP level 7. HP: 42/46 MP: 10/20
   541 | Zot      | Noticed Ijyb
   543 | Zot      | Reached skill level 5 in Ice Magic
   549 | Zot      | Killed Ijyb
   638 | Zot      | Acquired Sif Muna's first power
   653 | Zot      | Learned a level 4 spell: Summon Ice Beast
   841 | Zot      | Noticed Blork the orc
   842 | Zot      | Killed Blork the orc
  1009 | Zot      | Reached skill level 7 in Ice Magic
  1038 | Zot      | Noticed Pikel
  1047 | Zot      | Killed Pikel
  1047 | Zot      | Acquired Sif Muna's second power
  1047 | Zot      | Reached skill level 9 in Ice Magic
  1047 | Zot      | Reached XP level 8. HP: 52/52 MP: 13/21
  1105 | Zot      | Reached skill level 10 in Ice Magic
  1135 | Zot      | Reached XP level 9. HP: 55/57 MP: 8/22
  1337 | Zot      | Reached skill level 5 in Dodging
  1507 | Zot      | Acquired Sif Muna's third power
  1507 | Zot      | Reached XP level 10. HP: 63/63 MP: 14/27
  1641 | Zot      | Noticed Sigmund
  1642 | Zot      | Killed Sigmund
  1838 | Zot      | Reached skill level 10 in Spellcasting
  1911 | Zot      | Reached skill level 1 in Charms
  2000 | Zot      | Noticed a hill giant
  2002 | Zot      | Killed a hill giant
  2002 | Zot      | Reached skill level 5 in Charms
  2002 | Zot      | Reached XP level 11. HP: 68/68 MP: 20/29
  2018 | Zot      | Noticed a hill giant
  2020 | Zot      | Killed a hill giant
  2037 | Zot      | Noticed a hill giant
  2039 | Zot      | Killed a hill giant
  2039 | Zot      | Received a gift from Sif Muna
  2044 | Zot      | Learned a level 2 spell: Stoneskin
  2049 | Zot      | Learned a level 4 spell: Ice Form
  2127 | Zot      | Reached skill level 1 in Earth Magic
  2207 | Zot      | Reached skill level 10 in Dodging
  2300 | Zot      | Reached XP level 12. HP: 70/74 MP: 22/31
  2302 | Zot      | Reached skill level 11 in Spellcasting
  2332 | Zot      | Killed Prince Ribbit
  2431 | Zot      | Received a gift from Sif Muna
  2456 | Zot      | Identified Sif Muna's Collected Works on Fire and Envenoming (Sif Muna gifted it to you in the Realm of Zot)
  2533 | Zot      | Killed a red very ugly thing
  2533 | Zot      | Reached skill level 12 in Spellcasting
  2584 | Zot      | Killed a brown very ugly thing
  2590 | Zot      | Noticed a cyan very ugly thing
  2594 | Zot      | Killed a cyan very ugly thing
  2605 | Zot      | Paralysed by a giant eyeball for 3 turns
  2606 | Zot      | Noticed a red very ugly thing
  2606 | Zot      | Slain by a red ugly thing

Action                   |  1- 3 |  4- 6 |  7- 9 | 10-12 || total
-------------------------+-------+-------+-------+-------++-------
Melee: Unarmed           |    34 |     3 |       |       ||    37
       Club              |       |     3 |       |       ||     3
Throw: Dart              |     1 |     1 |     8 |     2 ||    12
 Cast: Freeze            |     9 |     6 |    13 |     4 ||    32
       Throw Frost       |       |    12 |    18 |     6 ||    36
       Summon Ice Beast  |       |       |     9 |     9 ||    18
       Throw Icicle      |       |       |       |    15 ||    15
       Ozocubu's Armour  |       |       |       |     1 ||     1
       Condensation Shie |       |       |       |     1 ||     1
Invok: Channel Energy    |       |       |    20 |    20 ||    40
       Forget Spell      |       |       |     1 |       ||     1
 Abil: Make dart trap    |     8 |       |       |       ||     8
       Make oklob saplin |       |     3 |       |       ||     3
       Make altar        |       |     1 |       |       ||     1
       Make burning bush |       |       |     5 |     8 ||    13
       Make oklob plant  |       |       |     3 |     6 ||     9
       Make plant        |       |       |     1 |     1 ||     2
       Make ice statue   |       |       |       |     3 ||     3
Evoke: Wand              |       |       |     1 |       ||     1
  Use: Potion            |     1 |       |       |       ||     1
